 Dungeon Crawl Stone Soup version 0.17-a0-1954-g0dddeaa (webtiles) character file.

1064 brucemayne the Cleaver (level 8, -11/58 HPs)
             Began as a Demonspawn Berserker on Oct 3, 2015.
             Was a Believer of Trog.
             Killed from afar by an electric eel (13 damage)
             ... with a bolt of electricity
             ... on level 9 of the Dungeon.
             The game lasted 00:07:29 (1235 turns).

brucemayne the Cleaver (Demonspawn Berserker)       Turns: 1235, Time: 00:07:29

Health: -11/58     AC:  6    Str: 19    XL:     8   Next: 6%
Magic:  8/8        EV: 11    Int: 14    God:    Trog [**....]
Gold:   90         SH:  0    Dex: 13    Spells: 0 memorised, 7 levels left

rFire  . . .     SeeInvis .     a - +0 hand axe
rCold  + . .     Clarity  .     r - +0 ring mail
rNeg   . . .     SustAt   .     (no shield)
rPois  .         Gourm    .     (helmet restricted)
rElec  .         Spirit   .     (no cloak)
rCorr  .         Warding  .     (no gloves)
rMut   .         Stasis   .     (no boots)
MR     .....                    (no amulet)
Stlth  +.........               (no ring)
                                (no ring)

@: brilliant, exhausted, slowed, very slow, not resistant to hostile
enchantments, very unstealthy
A: horns 1, icy blue scales 1, cold resistance 1, spiny 1
a: Burn Spellbooks, Berserk, Trog's Hand, Renounce Religion


You were on level 9 of the Dungeon.
You worshipped Trog.
Trog was pleased with you.
You were hungry.

You visited 1 branch of the dungeon, and saw 9 of its levels.

You collected 90 gold pieces.

Inventory:

Hand weapons
 a - a +0 hand axe (weapon)
 o - a +2 battleaxe
Missiles
 w - 4 javelins (quivered)
Armour
 b - a +0 animal skin
 g - a +0 leather armour
 r - a +0 ring mail (worn)
Magical devices
 u - a wand of magic darts (27)
Scrolls
 d - a scroll of fog {unknown}
 e - 4 scrolls of identify
 f - 2 scrolls of blinking {unknown}
 n - a scroll of noise {unknown}
 q - a scroll of remove curse {unknown}
Potions
 j - a potion of berserk rage {unknown}
 k - a potion of agility {unknown}
 l - a potion of might {unknown}
 m - a potion of resistance {unknown}
 p - a potion of curing {unknown}
 v - a potion of poison {unknown}
 x - a potion of cure mutation {unknown}
Comestibles
 c - a bread ration
 h - 4 meat rations
 t - 24 fruits


   Skills:
 - Level 3.0 Fighting
 + Level 9.1 Axes
 - Level 1.7 Armour
 - Level 1.7 Dodging


You had 7 spell levels left.
You didn't know any spells.

Dungeon Overview and Level Annotations

Branches:
Dungeon (9/15)
 Temple: D:4-7         Lair: D:8-11         Orc: D:9-12

Altars:
Okawaru
Trog
The Shining One

Shops:
D:7 }

Annotations:
D:8 cireshan's ghost, experienced FoHu


Innate Abilities, Weirdness & Mutations

You have a pair of small horns on your head.
You are partially covered in icy blue scales (AC +1).
Your flesh is cold resistant.
You are partially covered in sharp spines.


Message History

You climb downwards.
The ghost fades into the shadows.
Cireshan's ghost disappears!
You feel a strong urge to attack something.
An adder, an electric eel and a wight come into view.
You are no longer berserk.
You are exhausted.
You feel yourself slow down.
You are feeling hungry.
Found a tapered fluorescent wand.
There is a stone staircase leading up here.
Unknown command.
Unknown command.
Unknown command.
Unknown command.
Drink which item? (? for menu, Esc to quit)
It was a potion of brilliance.
You feel clever all of a sudden.
The electric eel shoots out a bolt of lightning at you!
The bolt of electricity hits you!
You die...

...). ....# .#
.# ###.# #
####.##.. . #
#. #.....S.#
.#.#.##.#.#.#.#
.≈.≈.≈≈.≈.≈...≈
≈≈.≈.≈≈.≈.≈≈..≈
...≈.≈≈.≈.;≈..≈
..z..≈≈@≈.....≈
.≈≈≈≈≈≈≈≈≈≈≈≈..
≈≈≈≈≈≈≈≈≈≈≈≈≈≈.
≈≈≈≈≈≈≈≈≈≈≈≈≈≈.
≈≈≈≈≈≈≈≈≈≈≈≈≈≈/
≈≈≈≈≈≈≈≈≈≈≈≈≈≈≈
≈≈≈≈≈≈≈≈≈≈≈≈≈≈≈
≈≈≈≈≈≈≈≈≈≈≈≈≈≈≈


You could see an electric eel, a wight and an adder.

Vanquished Creatures
  Joseph (D:8)
  An ice beast (D:5)
  A centaur (D:8)
  A big kobold (D:8)
  4 wights (D:6)
  A jelly (D:5)
  A crimson imp (D:5)
  3 orc priests (D:8)
  An orc wizard (D:8)
  A giant frog skeleton (D:4)
  A hound (D:8)
  A hound skeleton (D:6)
  A worker ant zombie (D:7)
  An adder (D:5)
  2 shadow imps
  An adder skeleton (D:8)
  A giant gecko (D:5)
  9 orcs
  A hobgoblin (D:3)
  5 quokkas
  2 giant cockroaches
  2 giant gecko skeletons
  2 giant newts
  A kobold (D:1)
  2 rats
47 creatures vanquished.

Notes
Turn   | Place    | Note
--------------------------------------------------------------
     0 | D:1      | brucemayne the Demonspawn Berserker began the quest for the Orb.
     0 | D:1      | Reached XP level 1. HP: 18/18 MP: 1/1
   185 | D:2      | Found a glowing golden altar of the Shining One.
   204 | D:4      | Noticed a giant frog skeleton
   214 | D:4      | Killed a giant frog skeleton
   214 | D:4      | Gained mutation: You are partially covered in sharp spines. [demonic ancestry]
   214 | D:4      | Reached XP level 2. HP: 10/24 MP: 2/2
   214 | D:4      | Gained mutation: Your flesh is cold resistant. [demonic ancestry]
   214 | D:4      | Reached XP level 3. HP: 11/29 MP: 3/3
   252 | D:5      | Entered Level 5 of the Dungeon
   253 | D:5      | Noticed an ice beast
   287 | D:5      | Reached skill level 4 in Axes
   330 | D:5      | Killed an ice beast
   330 | D:5      | Reached skill level 5 in Axes
   330 | D:5      | Reached XP level 4. HP: 16/35 MP: 4/4
   330 | D:5      | Gained mutation: You are partially covered in icy blue scales (AC +1). [demonic ancestry]
   330 | D:5      | Reached XP level 5. HP: 18/41 MP: 5/5
   509 | D:5      | Found a bloodstained altar of Trog.
   510 | D:5      | Found an iron altar of Okawaru.
   569 | D:6      | Reached skill level 6 in Axes
   593 | D:6      | Reached XP level 6. HP: 18/47 MP: 6/6
   793 | D:7      | Found Deas's Gadget Emporium.
   872 | D:8      | Reached skill level 7 in Axes
   873 | D:8      | Acquired Trog's second power
   876 | D:8      | Gained mutation: You have a pair of small horns on your head. [demonic ancestry]
   876 | D:8      | Reached XP level 7. HP: 52/52 MP: 7/7
   990 | D:9      | Noticed a yak
   990 | D:9      | Noticed a yak
   990 | D:9      | Noticed a yak
   990 | D:9      | Noticed a yak
   996 | D:8      | Reached skill level 8 in Axes
  1084 | D:8      | Noticed Joseph
  1116 | D:8      | Killed Joseph
  1116 | D:8      | Reached skill level 9 in Axes
  1116 | D:8      | Reached XP level 8. HP: 36/58 MP: 8/8
  1201 | D:8      | Noticed cireshan's ghost (experienced FoHu)
  1233 | D:8      | HP: 2/87 [cireshan's ghost (4)]
  1235 | D:9      | Killed from afar by an electric eel

Vault maps used:
D:1:      matt_arrival_grand_opening
D:2:      lemuel_upstairs_altar
D:3:      first_bread, hangedman_ru_absence
D:4:      old_standard_altar, minmay_temple_entry_poolview, uniq_natasha
D:5:      grunt_temple_overflow_bloody_war, serial_shops, shop, fedhas_altar_4
D:6:      serial_undead, serial_undead_e, serial_undead_a, serial_undead_c,
          serial_undead_c, serial_undead_e, serial_undead_e, serial_undead_a,
          uniq_menkaure, uniq_crazy_yiuf_cottage
D:7:      serial_shops, nicolae_shop_competitors_out_of_business,
          dk_rats_in_the_wall
D:8:      blue_anna_alchemist, uniq_joseph
D:9:      nicolae_dithmenos_through_a_glass_darkly

Action                   |  1- 3 |  4- 6 |  7- 9 || total
-------------------------+-------+-------+-------++-------
Melee: Hand axe          |    31 |    61 |    49 ||   141
Invok: Berserk           |     3 |     4 |     2 ||     9
       Trog's Hand       |       |       |     1 ||     1
  Use: Scroll            |       |     1 |       ||     1
       Potion            |       |       |     1 ||     1
  Eat: Chunk             |       |     4 |     4 ||     8
       Pizza             |       |     1 |       ||     1
